 Dungeon Crawl Stone Soup version 0.21-a0-444-g29a2fec (webtiles) character file.

9 vineage the Skirmisher (level 2, -1/24 HPs)
             Began as a Demonspawn Fighter on Nov 17, 2017.
             Slain by an adder (3 damage)
             ... on level 2 of the Dungeon.
             The game lasted 00:00:34 (623 turns).

vineage the Skirmisher (Demonspawn Fighter)          Turns: 623, Time: 00:00:35

Health: -1/24      AC:  7    Str: 16    XL:     2   Next: 3%
Magic:  2/2        EV:  6    Int:  9    God:
Gold:   100        SH:  8    Dex: 12    Spells: 1/1 levels left

rFire    . . .     SeeInvis .   a - +0 long sword
rCold    . . .     Gourm    .   c - +0 shield
rNeg     . . .     Faith    .   b - +0 scale mail
rPois    .         Spirit   .   (no helmet)
rElec    .         Reflect  .   (no cloak)
rCorr    .         Harm     .   (no gloves)
MR       .....                  (no boots)
Stlth    ..........             (no amulet)
HPRegen  0.08/turn              (no ring)
MPRegen  0.08/turn              (no ring)

@: lethally poisoned (-1 -> -9)
A: rugged brown scales 1
a: no special abilities


You were on level 2 of the Dungeon.
You were not hungry.

You visited 1 branch of the dungeon, and saw 2 of its levels.

You collected 100 gold pieces.

Inventory:

Hand Weapons
 a - a +0 long sword (weapon)
Armour
 b - a +0 scale mail (worn)
 c - a +0 shield (worn)
Scrolls
 i - a scroll of blinking {unknown}
 j - a scroll of immolation {unknown}
 k - 2 scrolls of identify {unknown}
Potions
 d - 3 potions of might
 e - a potion of curing {unknown}
 g - a potion of mutation {unknown}
 h - a potion of agility {unknown}
Comestibles
 f - 2 bread rations


   Skills:
 - Level 3.0 Fighting
 + Level 2.5 Long Blades
 - Level 2.6 Armour
 - Level 2.6 Shields


You had one spell level left.
You didn't know any spells.

Dungeon Overview and Level Annotations

Branches:
Dungeon (2/15)

Altars:


Innate Abilities, Weirdness & Mutations

You are partially covered in rugged brown scales. (AC +1, +3% HP)


Message History

You hit the adder.
The adder is almost dead.
* * * LOW HITPOINT WARNING * * *
You feel sick. The adder bites you but does no damage.
The goblin barely misses you. The adder closely misses you.
You closely miss the adder.
The adder is almost dead.
* * * LOW HITPOINT WARNING * * *
You feel sick. The adder bites you.
* * * LOW HITPOINT WARNING * * *
The goblin completely misses you.
You riposte.
You slash the goblin!
You kill the goblin!
You have reached level 2!
Your demonic ancestry asserts itself...
Rugged brown scales grow over part of your body.
The adder bites you but does no damage.
You closely miss the adder.
The adder is almost dead.
The adder bites you.
You die...

..##
.#######...#
.!.........#
...........
........#.#
..........#
.........S#
.......<@#
.......).#
.........#
........##
........#
.......$.
.........
.......?.


You could see an adder.

Vanquished Creatures
  A dart slug (D:1)
  2 goblins
  2 kobolds (D:1)
  2 frilled lizards (D:1)
7 creatures vanquished.

Notes
Turn   | Place    | Note
-------+----------+-------------------------------------------
     0 | D:1      | vineage the Demonspawn Fighter began the quest for the Orb.
     0 | D:1      | Reached XP level 1. HP: 18/18 MP: 1/1
   622 | D:2      | Gained mutation: You are partially covered in rugged brown scales. (AC +1, +3% HP) [demonic ancestry]
   622 | D:2      | Reached XP level 2. HP: 1/24 MP: 2/2
   623 | D:2      | Slain by an adder

Vault maps used:
D:1:      dpeg_arrival_tiny_f
D:2:      nicolae_overflow_crystal_walls, roderic_lattice_a, uniq_natasha,
          uniq_crazy_yiuf_cottage

Skill      XL: |  1 |
---------------+----+-----
Long Blades    | 2 |  2.5
Fighting       | |  3.0
Armour         | |  2.6
Shields        | |  2.6

Action                   || total
-------------------------++-------
Melee: Long sword        ||    27
Armor: Scale mail        ||    11
Dodge: Dodged            ||    11
Block: Shield            ||     7
       Rpst.: Long sword ||     4

Table legend:
 A = Spawn XP
 B = Non-spawn XP
 C = Spawn XP percentage of total XP
 D = Spawn monster count
 E = Non-spawn monster count
 F = Spawn count percentage of total count
 G = Total turns spent on level
                    A         B        C        D         E        F      G
               +---------+---------+-------+---------+---------+-------+---------
         Total |       0 |      13 |   0.0 |       0 |       7 |   0.0 |   623
               +---------+---------+-------+---------+---------+-------+---------
           D:1 |       0 |      11 |   0.0 |       0 |       6 |   0.0 |   615
           D:2 |       0 |       2 |   0.0 |       0 |       1 |   0.0 |     8
               +---------+---------+-------+---------+---------+-------+---------
